← All builds
Front / Cortex / Economy first / OBSERVED BUILD

Standard front

Cortex Front build order · Supreme Isthmus

The role's default economy-first play: Bot Lab right away, Advanced Metal Extractor around 9:12, transitioning into the usual Thug/Grunt/Aggravator mix to hold the wider gap and feed the middle.

#eco #defence · 177 distinct matches · 62 players · 64% of Cortex Front games · team won 44% of 179 · Recently observed

HOW TO PLAY IT

Key timing: Bot Lab by 0:40

  1. Take 3 mex, then wind before opening Bot Lab.
  2. Finish Bot Lab, start producing Thug, Grunt and Aggravator.
  3. Send early units to coast first to stop leaks, not straight to mid.
  4. Add Twin Guard and Radar Tower to hold the wider gap.
  5. Bring Advanced Metal Extractor online as army transitions to T2.

Phase by phase

TYPICAL OF ITS 177 GAMES
  1. 1
  2. 2
  3. 3
PLAY THE OPENING

Follow the example game's first 6:00 step by step: what to build now, what comes next, and where it goes. At 1× it keeps pace with your own game.

  1. 1

    Up to the Bot Lab

    Economy
    • Metal Extractor2Mex
    • Wind Turbine1Wind
    Order
    1. Bot LabBot Lab after 2 mex, 1 winddone ~0:40, middle half 0:34–0:46

    By 0:24 in all: 2 mex · 1 wind

    The example game in this phase · 1 step
    1. Bot LabBot Labdone 0:20 · typical 0:40
  2. 2

    Bot Lab to 5:00

    Economy
    • Metal Extractor4Mex
    • Wind Turbine4Wind
    Builders
    • Construction Bot3 Con bot
    • Graverobber2 Graverobber
    Army
    • Guard2 Guard
    • Thug6 Thug
    • Aggravator5 Aggravator
    • Grunt4 Grunt

    Some games also: con turret (42%) · Radar Tower (35%)

    By 5:00 in all: 6 mex · 5 wind

    The example game in this phase · 37 steps
    1. Wind
    2. GruntGrunt
    3. Wind
    4. GruntGrunt
    5. Wind
    6. Mex
    7. GruntGrunt
    8. Mex
    9. GruntGrunt
    10. Mex
    11. Construction BotCon bot
    12. Wind
    13. Construction BotCon botfor Suicide front
    14. Mex
    15. GruntGrunt ×4
    16. Construction BotCon bot
    17. Mex
    18. AggravatorAggravator ×5
    19. Mex
    20. AggravatorAggravator
    21. GraverobberGraverobber
    22. Wind
    23. AggravatorAggravator
    24. GuardGuard
    25. AggravatorAggravator ×3
    26. Wind
    27. AggravatorAggravator ×4
    28. Con turret
    29. AggravatorAggravator
    30. Radar TowerRadar Tower
    31. AggravatorAggravator
    32. GraverobberGraverobber
    33. AggravatorAggravator
    34. Wind
    35. AggravatorAggravator
    36. Wind
    37. AggravatorAggravator ×3
  3. 3

    5:00 to 10:00

    Economy
    • Metal Extractor1Mex
    • Wind Turbine17Wind
    Builders
    • Construction Turret2 Con turret
    • Graverobber2 Graverobber
    • Construction Bot1 Con bot
    Army
    • Guard1 Guard
    • Grunt7 Grunt
    • Thug2 Thug

    Some games also: aggravator (46%) · energy storage (42%) · Twin Guard (36%) · converter (35%) · Radar Tower (35%)

    By 10:00 in all: 7 mex · 24 wind · 1 energy storage · 3 con turret

    The example game in this phase · 172 steps
    1. AggravatorAggravator
    2. Con turret
    3. Wind
    4. AggravatorAggravator ×2
    5. Wind
    6. AggravatorAggravator ×2
    7. Wind
    8. AggravatorAggravator
    9. Wind
    10. AggravatorAggravator
    11. Wind
    12. AggravatorAggravator ×2
    13. GraverobberGraverobber
    14. Wind
    15. AggravatorAggravator
    16. Wind
    17. Energy storage
    18. AggravatorAggravator
    19. Wind
    20. GruntGrunt ×4
    21. Wind
    22. GruntGrunt
    23. Wind
    24. GruntGrunt
    25. Wind
    26. GruntGrunt
    27. Wind
    28. GruntGrunt
    29. AggravatorAggravator
    30. GruntGrunt
    31. Wind
    32. AggravatorAggravator
    33. GruntGrunt
    34. Wind
    35. GruntGrunt
    36. AggravatorAggravator
    37. Wind
    38. AggravatorAggravator
    39. GruntGrunt
    40. AggravatorAggravator
    41. Wind
    42. GruntGrunt
    43. AggravatorAggravator
    44. RocketeerRocketeer
    45. GruntGrunt
    46. Wind
    47. GruntGrunt
    48. Mex
    49. GruntGrunt ×4
    50. Wind
    51. AggravatorAggravator
    52. GruntGrunt
    53. RocketeerRocketeer
    54. Con turret
    55. RocketeerRocketeer
    56. AggravatorAggravator
    57. GruntGrunt ×2
    58. Energy storage
    59. GruntGrunt
    60. RocketeerRocketeer
    61. GruntGrunt
    62. MaceMace ×2
    63. GraverobberGraverobber
    64. Converter
    65. GruntGrunt
    66. Converter
    67. GruntGrunt
    68. Advanced Metal ExtractorT2 mexdone 9:55
    69. MaceMace
    70. GruntGrunt
    71. RocketeerRocketeer
    72. Construction BotCon bot
    73. Wind
    74. RocketeerRocketeer
    75. TickTick
    76. Mex
    77. RocketeerRocketeer
    78. Wind
    79. Construction BotCon bot
    80. GuardGuard
    81. Advanced Metal ExtractorT2 mex
    82. Construction BotCon bot
    83. Wind ×2
    84. Advanced Bot LabAdvanced Bot Labnot finished by 15:00
    85. Advanced Metal ExtractorT2 mex
    86. Construction BotCon botfor Geo
    87. GuardGuard
    88. Wind
    89. GruntGrunt ×2
    90. Twin GuardTwin Guard
    91. GruntGrunt
    92. Twin GuardTwin Guard
    93. GruntGrunt ×4
    94. Wind
    95. GruntGrunt ×4
    96. Mex
    97. Wind
    98. GruntGrunt
    99. GuardGuard
    100. GruntGrunt
    101. Advanced Metal ExtractorT2 mex
    102. GruntGrunt
    103. Con turret
    104. Energy storage
    105. Wind
    106. GruntGrunt ×4
    107. Con turret
    108. Wind
    109. Advanced Metal ExtractorT2 mex
    110. Wind
    111. GruntGrunt ×2
    112. Wind
    113. GruntGrunt
    114. Vehicle PlantVehicle Plantdone 12:44
    115. GruntGrunt
    116. Wind ×2
    117. GruntGrunt ×2
    118. Advanced Metal ExtractorT2 mex
    119. Wind
    120. GruntGrunt
    121. PounderPounder
    122. Wind
    123. GruntGrunt
    124. Wind ×2
    125. GruntGrunt
    126. Wind
    127. GruntGrunt
    128. PounderPounder
    129. Wind
    130. GruntGrunt
    131. PounderPounder
    132. GruntGrunt
    133. Wind
    134. CatalystCatalystdone 14:06
    135. PounderPounder
    136. GruntGrunt
    137. Wind
    138. GruntGrunt ×2
    139. Wind
    140. GruntGrunt
    141. Wind
    142. GruntGrunt
    143. PounderPounder
    144. GruntGrunt
    145. Wind
    146. GruntGrunt
    147. Energy storage
    148. GruntGrunt ×3
    149. Wind
    150. PounderPounder
    151. GruntGrunt
    152. Wind
    153. GruntGrunt
    154. Advanced solar
    155. GruntGrunt
    156. Wind
    157. GruntGrunt
    158. PounderPounder
    159. GruntGrunt
    160. CatalystCatalyst
    161. PounderPounder
    162. GruntGrunt ×2
    163. PounderPounder
    164. CastroCastro
    165. GruntGrunt
    166. Wind
    167. GruntGrunt ×2
    168. PounderPounder
    169. Advanced solar
    170. GruntGrunt
    171. Wind
    172. PrevailerPrevailernot finished by 15:00

Counts are medians over the build's games: half of them build more, half fewer. The example game is [AFUS]Aleash's (49 OS, 14/08/2026); pick another.

Team trades

IN AT LEAST 30% OF ITS GAMES

You hand over

Nothing regular.

You get

  • Tidal Generator4 Tidal from Pondfirst at 0:17 · in 68% of games
  • Advanced Construction Bot1 T2 con bot from Geo or Techfirst at 7:26 · in 66% of games

How it plays out

Typical game of this build, running totals by minute

Metal produced

010k20k30k
0:005:0010:0015:00

metal

Enemy metal destroyed

02.5k5k7.5k
0:005:0010:0015:00

metal

Own metal lost

05k10k
0:005:0010:0015:00

metal

179 games.

Show as table
ByMetal produced: This buildEnemy metal destroyed: This buildOwn metal lost: This build
1:0033100
2:0085800
3:0016248686
4:002692359336
5:003828938883
6:00505116831622
7:00633024302606
8:00769932503477
9:00914838644317
10:001091543525092
11:001287049345948
12:001507052866934
13:001774557647566
14:002019663178516
15:002293570989484
WHAT THE NUMBERS SAY

This build has the worst win rate of the roles shown and trails Suicide front on kills while losing nearly as much metal.

  • + Produces more metal than Suicide front by 15:00 (22286 vs 18297).
  • + T2 constructor lands slightly faster (7:41) than Suicide front's 8:07.
  • − Loses 9797 own metal by 15:00, close to what it destroys (6775).
  • − Wins only 40% of games, well below every other role shown.
THE EXAMPLE YOU ARE READING

[AFUS]Aleash

49.1 OS · 14/08/2026

Open source match ↗

2 received units · includes a constructor
1813 metal received · 203965 energy received

Allied construction assistance is unknown. Timings are observations, not a promise of solo reproducibility.

Typical milestones

Bot Lab0:40Middle 50%: 0:34–0:46 · n=164
Advanced Metal Extractor9:10Middle 50%: 8:09–10:29 · n=140

Played most by

Hummell19games of this buildwatermeloans19games of this buildiLike2Eco12games of this buildCentientWaffle9games of this buildGeeGee9games of this build